Map: Divergence LE

Players

Nyck - Winner!

  • Race: Terran Terran
  • Spawn Location: 5:00

Ekelpack - Winner!

  • Race: Zerg Zerg
  • Spawn Location: 5:00

Cypex

  • Race: Zerg Zerg
  • League: Silver
  • Spawn Location: 11:00

Hendrefaist

  • Race: Protoss Protoss
  • Spawn Location: 11:00

VOD

Have the link to the VOD?

Description

Time

  • Played on: Sept. 27, 2020, 2:03 p.m.
  • Length: 10:39
Show
View Real Time Build Order
Export as new Build Order

Nyck Terran - Winner!

Build Orders: Hellion Opening, Mech 

Get SALT Encoding   

  12  0:00  SCV  
  13  0:14  Supply Depot  
  13  0:18  SCV  
  14  0:27  Refinery  
  14  0:30  SCV  
  15  0:42  Barracks  
  15  0:52  SCV  
  16  1:04  SCV  
  17  1:16  SCV  
  18  1:22  Supply Depot  
  18  1:29  Orbital Command  
  18  1:33  Factory  
  18  1:47  Supply Depot  
  18  1:52  Barracks Reactor  
  18  1:55  SCV  
  19  2:07  SCV  
  20  2:14  Supply Depot  
  20  2:20  Refinery  
  20  2:24  SCV  
  21  2:36  Barracks Reactor  
  25  2:37  Hellion x2  
  25  2:44  SCV  
  26  2:51  Supply Depot  
  30  2:58  Hellion x2  
  30  3:03  SCV  
  31  3:13  Marine  
  31  3:14  Marine  
  31  3:18  SCV  
  38  3:20  Hellion x2  
  38  3:35  Command Center  
  38  3:37  Marine x2  
  40  4:06  SCV  
  41  4:15  Marine x2  
  43  4:21  Starport  
  43  4:23  Widow Mine x2  
  47  4:39  Marine x2  
  47  4:44  Widow Mine x2  
  53  5:11  SCV  
  54  5:23  SCV  
  55  5:33  Barracks Tech Lab  
  55  6:26  Armory  
  55  6:35  Viking x2  
  55  6:39  Supply Depot, Factory Reactor  
  59  7:00  Command Center  
  59  7:05  Viking x2  
  63  7:11  Armory  
  63  7:14  Terran Vehicle And Ship Armor Level 1  
  63  7:34  Factory  
  63  7:39  Viking x2  
  67  7:48  Infernal Pre-Igniter  
  55  8:29  Terran Vehicle Weapons Level 1  
  55  8:41  Command Center  
  55  8:43  Viking x2  
  55  8:46  Thor  
  65  8:53  Hellbat  
  67  8:57  Factory  
  67  9:52  Viking x2  
  71  9:54  Refinery  
  71  9:55  Refinery  
  71  9:56  Factory Tech Lab  
  71  10:02  Factory  
  71  10:08  Factory Reactor  
  71  10:14  SCV  
  71  10:19  SCV  
  73  10:23  Barracks  
  73  10:27  SCV  
  74  10:33  Engineering Bay  
Show
View Real Time Build Order
Export as new Build Order

Ekelpack Zerg - Winner!

Build Orders: Hatch First 

Get SALT Encoding   

  12  0:00  Drone  
  13  0:13  Overlord  
  13  0:19  Drone  
  14  0:32  Drone x2  
  14  0:35  Drone  
  17  0:56  Drone  
  18  0:59  Hatchery  
  18  1:01  Extractor  
  18  1:03  Drone  
  17  1:09  Drone  
  18  1:19  Spawning Pool  
  18  1:23  Drone  
  18  1:29  Drone  
  19  1:40  Drone  
  20  1:50  Drone  
  21  2:07  Zergling x2, Metabolic Boost  
  22  2:10  Queen  
  22  2:12  Overlord  
  24  2:19  Zergling x2  
  24  2:20  Queen  
  27  2:28  Zergling x2  
  28  2:38  Zergling x6  
  31  2:45  Zergling x4  
  33  2:55  Zergling x2, Overlord  
  34  3:06  Overlord  
  34  3:08  Drone  
  34  3:12  Extractor  
  34  3:15  Extractor  
  34  3:16  Drone  
  34  3:17  Drone  
  35  3:26  Drone x3  
  38  3:29  Lair  
  38  3:33  Drone x3  
  41  3:34  Drone  
  42  3:45  Drone  
  42  3:46  Drone x2  
  45  3:50  Extractor  
  45  3:51  Drone  
  45  3:54  Drone  
  45  3:55  Drone x2  
  48  4:06  Drone x2  
  48  4:20  Overlord  
  48  4:21  Overlord  
  48  4:29  Overlord x2  
  48  4:30  Spire  
  47  4:44  Evolution Chamber  
  46  4:47  Drone x3  
  46  4:48  Drone x2  
  51  4:59  Drone  
  52  5:07  Overlord  
  52  5:18  Drone x2, Spore Crawler  
  52  5:25  Overlord x2  
  52  5:41  Mutalisk  
  52  5:42  Mutalisk x7  
  60  5:43  Mutalisk x2  
  60  5:48  Zerg Flyer Weapons Level 1  
  72  6:00  Queen  
  67  6:20  Mutalisk x2  
  67  6:21  Zergling x4  
  67  6:22  Zergling x10  
  78  6:29  Mutalisk  
  78  6:31  Zergling x2, Overlord x2  
  81  6:53  Mutalisk x2  
  86  6:54  Zergling x2, Overlord  
  86  7:06  Zergling x4  
  86  7:07  Zergling x4  
  88  7:42  Mutalisk  
  88  7:43  Mutalisk x5  
  100  7:44  Overlord  
  100  7:54  Zergling x2  
  80  8:13  Zergling x2  
  80  8:14  Zergling x14  
  87  8:41  Queen  
  87  8:43  Hatchery x2  
  87  8:44  Drone x3  
  87  8:46  Mutalisk x2  
  94  8:49  Extractor  
  94  8:52  Extractor  
  94  8:54  Infestation Pit  
  91  9:55  Zergling x4  
  91  9:56  Zergling x10, Overlord x3  
  92  10:22  Zergling x8  
Show
View Real Time Build Order
Export as new Build Order

Cypex Zerg 

Build Orders: 3 Hatch before Pool 

Get SALT Encoding   

  12  0:34  Hatchery, Drone  
  12  0:42  Overlord  
  12  0:47  Drone  
  13  1:00  Drone  
  13  1:01  Drone  
  15  1:10  Drone  
  16  1:21  Drone  
  17  1:35  Drone  
  18  1:40  Hatchery  
  18  1:42  Drone  
  18  1:48  Drone  
  19  1:54  Spawning Pool  
  19  1:57  Extractor  
  19  1:59  Drone, Extractor  
  17  2:03  Drone  
  18  2:12  Drone  
  19  2:23  Drone  
  19  2:24  Drone  
  21  2:40  Drone  
  21  2:41  Drone x2  
  21  2:42  Drone  
  25  2:50  Drone  
  26  2:56  Roach Warren  
  25  3:01  Evolution Chamber  
  25  3:02  Drone  
  25  3:03  Evolution Chamber  
  25  3:05  Drone x2  
  26  3:09  Drone  
  26  3:11  Drone  
  28  3:15  Drone  
  28  3:18  Drone  
  30  3:22  Drone  
  30  3:24  Drone  
  32  3:30  Queen  
  34  3:37  Overlord  
  34  3:39  Overlord  
  34  3:52  Overlord  
  34  4:01  Roach  
  34  4:02  Roach x3  
  34  4:17  Drone  
  35  4:31  Zerg Ground Armor Level 1  
  35  4:34  Drone x2  
  35  4:35  Drone  
  35  4:36  Drone  
  39  4:39  Hatchery  
  39  4:45  Drone  
  39  4:50  Drone x2  
  41  4:57  Zergling x8  
  45  5:00  Metabolic Boost  
  45  5:20  Roach x3  
  51  5:22  Overlord  
  51  5:23  Overlord  
  51  5:27  Lair  
  51  5:31  Zerg Missile Weapons Level 1  
  51  5:36  Drone  
  51  5:37  Overlord  
  51  5:39  Overlord  
  51  5:42  Drone x2  
  54  5:49  Queen  
  56  5:55  Drone  
  57  5:57  Queen  
  57  5:59  Drone  
  60  6:07  Drone  
  60  6:09  Drone x3  
  64  6:11  Drone  
  65  6:32  Roach x4  
  75  6:33  Roach x3  
  75  6:39  Drone x3  
  83  6:40  Drone  
  83  6:42  Nydus Network, Extractor  
  81  6:47  Spine Crawler  
  81  6:52  Zerg Ground Armor Level 2  
  80  6:55  Roach  
  80  6:56  Roach  
  80  6:58  Zergling x4  
  86  7:09  Overlord  
  86  7:10  Overlord  
  86  7:12  Overlord  
  83  7:23  Spore Crawler x2  
  83  7:25  Spore Crawler  
  83  7:27  Queen  
  79  7:42  Nydus Canal  
  36  8:41  Extractor  
  35  8:46  Drone x2  
  35  8:47  Drone x6  
  43  9:00  Spire  
  43  9:02  Drone x2  
  44  9:05  Spore Crawler  
  44  9:06  Spore Crawler  
  44  9:09  Drone x4  
  46  9:13  Roach  
  46  9:14  Roach x8  
  58  10:20  Drone x2  
  62  10:26  Drone  
  62  10:27  Drone x2  
Show
View Real Time Build Order
Export as new Build Order

Hendrefaist Protoss 

Build Orders:  

Get SALT Encoding   

  12  0:00  Probe  
  13  0:16  Pylon  
  13  0:22  Assimilator  
  13  0:24  Probe (Chrono Boost)  
  14  0:39  Gateway  
  14  0:43  Probe  
  15  0:55  Probe  
  16  1:07  Probe (Chrono Boost)  
  18  1:19  Probe (Chrono Boost)  
  18  1:23  Assimilator  
  18  1:25  Probe (Chrono Boost)  
  18  1:28  Cybernetics Core  
  19  1:34  Pylon  
  19  1:46  Probe  
  20  1:58  Probe  
  21  2:09  Stargate  
  21  2:10  Probe (Chrono Boost)  
  21  2:11  Pylon  
  22  2:36  Robotics Facility  
  22  2:57  Void Ray (Chrono Boost)  
  26  3:28  Probe  
  26  3:29  Void Ray (Chrono Boost)  
  32  3:51  Observer  
  32  3:53  Nexus  
  32  4:23  Void Ray  
  36  4:51  Pylon  
  36  4:53  Pylon  
  36  4:55  Pylon  
  35  5:31  Void Ray  
  27  6:19  Void Ray (Chrono Boost)  
  31  6:40  Stalker (Chrono Boost)  
  31  6:41  Twilight Council  
  33  6:53  Void Ray (Chrono Boost)  
  37  7:01  Stalker  
  39  7:31  Stalker  
  41  7:39  Void Ray  
  45  8:01  Stalker  
  47  8:31  Stalker, Stargate  
  49  8:41  Void Ray  
  53  9:01  Stalker  
  44  9:36  Void Ray x2  
  52  9:52  Forge  
Tags
 
Add a new tag
Caveats
  • Supply blocks, unpowered buildings, or Contaminate may cause inaccurate times.
  • Supply counts are checked every 10 seconds.